 Dungeon Crawl Stone Soup version 0.16.0-8-gd9ae3a8 (webtiles) character file.

11103 Chiseanne the Martial Artist (level 11, -3/60 HPs)
             Began as a Vine Stalker Monk on Mar 16, 2015.
             Was a High Priest of Trog.
             Slain by a red ugly thing (14 damage)
             ... on level 12 of the Dungeon.
             The game lasted 00:39:44 (9814 turns).

Chiseanne the Martial Artist (Vine Stalker Monk)    Turns: 9814, Time: 00:39:45

Health: -3/60      AC:  6    Str: 13    XL:     11   Next: 72%
Magic:  0/15       EV: 19    Int: 10    God:    Trog [*****.]
Gold:   95         SH:  0    Dex: 27    Spells: 0 memorised, 10 levels left

rFire  . . .     SeeInvis +       - Unarmed
rCold  x . .     Clarity  .     e - +0 ring mail of Free Expression {rF- MR+ Dex+6}
rNeg   + . .     SustAb   .     (no shield)
rPois  .         Gourm    .     (no helmet)
rElec  .         Spirit   +     (no cloak)
rCorr  .         Warding  +     (no gloves)
rMut   .         Stasis   .     (no boots)
MR     ++++.                    q - amulet of warding
Stlth  ++........               A - ring of fire
                                f - ring of see invisible

@: regenerating, incredibly resistant to hostile enchantments, unstealthy
A: fangs 3, regeneration 2, magic shield, antimagic bite, no device heal 3, rot
immunity
a: Burn Spellbooks, Berserk, Trog's Hand, Brothers in Arms, Renounce Religion


You were on level 12 of the Dungeon.
You worshipped Trog.
Trog was extremely pleased with you.
You were not hungry.

You visited 1 branch of the dungeon, and saw 12 of its levels.

You collected 630 gold pieces.
You spent 535 gold pieces at shops.

Inventory:

Hand weapons
 w - a +0 blowgun
Missiles
 d - 63 poisoned needles
 x - 2 throwing nets
 y - 9 tomahawks (quivered)
Armour
 e - the +0 ring mail of Free Expression (worn) {rF- MR+ Dex+6}
   (You found it on level 5 of the Dungeon)

   It affects your dexterity (+6).
   It makes you vulnerable to fire.
   It affects your resistance to hostile enchantments.
Jewellery
 f - a ring of see invisible (left hand)
 q - an amulet of warding (around neck)
 A - a ring of fire (right hand)
Magical devices
 t - a wand of fire (6)
 H - a wand of fireball (0)
Scrolls
 a - 2 scrolls of blinking {unknown}
 c - 6 scrolls of magic mapping
 g - 8 scrolls of teleportation
 i - 4 scrolls of remove curse
 k - 4 scrolls of fog {unknown}
 m - 4 scrolls of amnesia {unknown}
 r - 3 scrolls of recharging
 u - a scroll of fear
 D - 5 scrolls of immolation
 F - 2 scrolls of enchant armour {unknown}
 G - 2 scrolls of brand weapon {unknown}
 L - 2 scrolls of enchant weapon {unknown}
Potions
 h - a potion of magic
 j - 3 potions of agility
 n - 2 potions of restore abilities
 o - 6 potions of lignification
 p - 4 potions of curing
 v - 2 potions of resistance
 z - 4 potions of might
 B - 3 potions of ambrosia
 C - a potion of cure mutation
 E - a potion of mutation
 J - a potion of poison {unknown}
Comestibles
 b - 9 bread rations
 l - 8 slices of pizza
 s - 6 meat rations


   Skills:
 * Level 8.7 Fighting
 * Level 6.1 Armour
 * Level 8.3 Dodging
 - Level 2.4 Stealth
 * Level 11.2 Unarmed Combat


You had 10 spell levels left.
You didn't know any spells.

Dungeon Overview and Level Annotations

Branches:
Dungeon (12/15)            Temple (0/1) D:5            Lair (0/8) D:9
    Orc (0/4) D:10

Altars:
Elyvilon
Sif Muna
Trog
Zin
The Shining One

Shops:
D:5 [*(%?   D:8 [   D:11 [?=}


Innate Abilities, Weirdness & Mutations

You have razor-sharp teeth.
You heal very quickly.
When hurt, damage is shared between your health and your magic reserves.
Your bite disrupts and absorbs the magic of your enemies.
Potions and wands cannot restore your health.
You are immune to rotting.


Message History

Found a shortbow.
The red ugly thing kicks you!
You are engulfed in flames!
You hit the red ugly thing.
The red ugly thing is lightly wounded.
The red ugly thing kicks you.
You are engulfed in flames!!
You barely miss the red ugly thing. You bite the red ugly thing.
You drain its power.
You feel invigorated.
The red ugly thing is lightly wounded.
The red ugly thing kicks you!
* * * LOW HITPOINT WARNING * * *
You are engulfed in flames!
* * * LOW HITPOINT WARNING * * *
Use which ability? (? or * to list)
Your skin crawls.
You feel resistant to hostile enchantments.
You feel slightly more hungry. The red ugly thing closely misses you.
The red ugly thing kicks you!
* * * LOW HITPOINT WARNING * * *
You are engulfed in flames!
You die...

###......## ##.....#.........#
#.......## ####.##...##....#
###.#....#.## ...##.##.#....#
#..#.........# #.#..####.....(#
#.#.##...####.# #.###### ###....#
#.........############.####......
##.#.......##........#.##.#......
###........#........!#...#......
#>.............@........##..#...
###>............u...#..###.##.<.<
#>...................### #....<.
#...................#.## #.....
##.....................# ....#
##...........#.......## ...#
###...........#.......#
#........###.###.....#.#
####....## ### ##.#..#.#


You could see a red ugly thing.

Vanquished Creatures
  Erica (D:12)
  2 unseen horrors
  Pikel (D:7)
  3 hill giants
  An ugly thing (D:11)
  A centaur zombie (D:12)
  8 yaks (D:9)
  A deep elf mage (D:10)
  2 hungry ghosts (D:10)
  A deep elf fighter (D:9)
  A human (D:7)
  A steam dragon (D:8)
  An orc warrior (D:9)
  2 wasps
  7 ogres
  An ice beast (D:8)
  A phantom (D:10)
  2 black bears
  2 sky beasts
  4 centaurs
  A crocodile (D:9)
  Duvessa (D:6)
  2 big kobolds
  4 giant frogs
  Blork the orc (D:7)
  A wyvern zombie (D:6)
  A gnoll sergeant (D:9)
  2 scorpions
  2 troll zombies (D:10)
  8 killer bees
  2 electric eels
  4 wights (D:11)
  3 goliath beetles
  Dowan (D:6)
  5 crimson imps
  4 hounds
  2 giant frog zombies
  5 jellies
  3 orc priests
  2 giant frog skeletons
  5 worker ants
  3 quasits
  Natasha (thrice) (D:6)
  2 iguanas
  13 orc wizards
  4 sheep (D:7)
  Ijyb (D:6)
  4 ogre zombies (D:10)
  2 hound skeletons
  3 worker ant zombies
  4 gnolls (D:9)
  3 river rats (D:9)
  10 adders
  2 shadow imps
  4 worms
  An adder zombie (D:5)
  6 giant geckos
  An ooze (D:2)
  35 orcs
  24 bats
  2 giant cockroaches
  15 hobgoblins
  5 jackals (D:2)
  43 kobolds
  4 quokkas
  A ball python (D:7)
  2 giant newts (D:1)
  22 goblins
  2 goblin skeletons (D:10)
  A goblin zombie (D:10)
  A hobgoblin skeleton (D:10)
  3 hobgoblin zombies (D:10)
  A jackal skeleton (D:4)
  An orc skeleton (D:10)
  11 orc zombies (D:10)
  31 rats
  11 ballistomycetes (D:10)
  A fungus (D:9)
  5 plants
389 creatures vanquished.

Vanquished Creatures (others)
  A scorpion (D:7)
  A bat (D:7)
  A goblin (D:7)
  A giant spore (D:10)
  A rat (D:7)
5 creatures vanquished.

Grand Total: 394 creatures vanquished

Notes
Turn   | Place    | Note
--------------------------------------------------------------
     0 | D:1      | Chiseanne, the Vine Stalker Monk, began the quest for the Orb.
     0 | D:1      | Reached XP level 1. HP: 11/11 MP: 1/1
   315 | D:1      | Reached XP level 2. HP: 16/16 MP: 3/3
  1092 | D:2      | Reached XP level 3. HP: 20/20 MP: 4/4
  1276 | D:2      | Reached XP level 4. HP: 22/24 MP: 5/5
  1399 | D:2      | Reached skill level 5 in Unarmed Combat
  1769 | D:2      | Noticed a moth of wrath
  1772 | D:2      | Found a bloodstained altar of Trog.
  1941 | D:2      | Became a worshipper of Trog the Wrathful
  1941 | D:2      | Acquired Trog's first power
  1941 | D:2      | Acquired Trog's second power
  2169 | D:3      | Reached XP level 5. HP: 18/28 MP: 7/7
  3246 | D:4      | Noticed an ogre
  3252 | D:4      | Killed an ogre
  3252 | D:4      | Gained mutation: You heal very quickly. [vine stalker growth]
  3252 | D:4      | Reached XP level 6. HP: 33/33 MP: 8/8
  3334 | D:4      | Reached skill level 6 in Unarmed Combat
  3368 | D:4      | Found a deep blue altar of Sif Muna.
  3499 | D:4      | Reached XP level 7. HP: 38/38 MP: 9/9
  3796 | D:5      | Entered Level 5 of the Dungeon
  3994 | D:5      | Found Khid's Assorted Antiques.
  4006 | D:5      | Reached skill level 1 in Armour
  4014 | D:5      | Bought a scroll labeled GURUEPHU GECAMP for 27 gold pieces
  4014 | D:5      | Bought a glowing golden potion for 24 gold pieces
  4014 | D:5      | Bought a sedimented silvery potion for 24 gold pieces
  4014 | D:5      | Bought 3 scrolls labeled SYFUXUGRYT for 81 gold pieces
  4084 | D:5      | Got a slimy ring mail
  4095 | D:5      | Identified the +0 ring mail of Free Expression {rF- MR+ Dex+6} (You found it on level 5 of the Dungeon)
  4132 | D:5      | Found Ywnionu's Food Emporium.
  4150 | D:5      | Bought a slice of pizza for 18 gold pieces
  4166 | D:5      | Found Qabesyev's Antique Weapon Emporium.
  4189 | D:5      | Found a staircase to the Ecumenical Temple.
  4237 | D:5      | Gained mutation: You have razor-sharp teeth. [vine stalker growth]
  4237 | D:5      | Reached XP level 8. HP: 42/42 MP: 11/11
  4241 | D:5      | Acquired Trog's third power
  4279 | D:5      | Found Grapac's Magic Scroll Emporium.
  4291 | D:5      | Bought a scroll of random uselessness for 13 gold pieces
  4291 | D:5      | Bought a scroll of identify for 26 gold pieces
  4492 | D:5      | Found Gief's Armour Emporium.
  4568 | D:6      | Noticed Natasha
  4580 | D:6      | Killed Natasha
  4633 | D:6      | Noticed Natasha
  4638 | D:6      | Killed Natasha
  4693 | D:6      | Noticed Duvessa
  4693 | D:6      | Noticed Dowan
  4703 | D:6      | Killed Duvessa
  4706 | D:6      | Killed Dowan
  4790 | D:6      | Reached skill level 5 in Fighting
  4790 | D:6      | Reached skill level 5 in Dodging
  4790 | D:6      | Reached skill level 7 in Unarmed Combat
  5017 | D:6      | Noticed Ijyb
  5019 | D:6      | Noticed Natasha
  5027 | D:6      | Killed Ijyb
  5029 | D:6      | Killed Natasha
  5435 | D:7      | Got a brightly glowing leather armour
  5466 | D:7      | Identified the cursed -5 leather armour of Vyrch {Int+3} (You found it on level 7 of the Dungeon)
  5483 | D:7      | Noticed Pikel
  5500 | D:7      | Killed Pikel
  5500 | D:7      | Reached XP level 9. HP: 31/48 MP: 12/12
  5617 | D:7      | Reached skill level 8 in Unarmed Combat
  5904 | D:7      | Noticed Blork the orc
  5913 | D:7      | Killed Blork the orc
  5938 | D:7      | Found a white marble altar of Elyvilon.
  6513 | D:8      | Found a glowing silver altar of Zin.
  6527 | D:8      | Found Gaasat's Antique Armour Shop.
  7118 | D:9      | Received a gift from Trog
  7181 | D:9      | Reached skill level 9 in Unarmed Combat
  7201 | D:9      | Reached XP level 10. HP: 46/53 MP: 10/13
  7244 | D:9      | Found a glowing golden altar of the Shining One.
  7735 | D:9      | Found a staircase to the Lair.
  7781 | D:9      | Received a gift from Trog
  7883 | D:9      | Reached skill level 5 in Armour
  8049 | D:10     | Entered Level 10 of the Dungeon
  8334 | D:10     | Found a staircase to the Orcish Mines.
  8485 | D:10     | Reached skill level 10 in Unarmed Combat
  8981 | D:11     | Noticed an unseen horror
  8986 | D:11     | Killed an unseen horror
  8986 | D:11     | Reached XP level 11. HP: 60/60 MP: 15/15
  8997 | D:11     | Found Skofan's Magic Scroll Shop.
  9005 | D:11     | Noticed a brown ugly thing
  9012 | D:11     | Killed a brown ugly thing
  9030 | D:11     | Found Brofamor's Jewellery Emporium.
  9044 | D:11     | Bought a cursed ring of loudness for 58 gold pieces
  9044 | D:11     | Bought a cursed -2 ring of intelligence for 26 gold pieces
  9204 | D:11     | Found Fudob's Antique Armour Shop.
  9217 | D:11     | Bought a scroll of identify for 28 gold pieces
  9217 | D:11     | Bought a scroll of identify for 28 gold pieces
  9217 | D:11     | Bought a scroll of recharging for 133 gold pieces
  9217 | D:11     | Bought a scroll of immolation for 49 gold pieces
  9275 | D:11     | Noticed a hill giant
  9282 | D:11     | Killed a hill giant
  9313 | D:11     | Noticed a hill giant
  9322 | D:11     | Killed a hill giant
  9395 | D:11     | Received a gift from Trog
  9431 | D:11     | Found Ashur's Gadget Emporium.
  9583 | D:12     | Noticed an unseen horror
  9589 | D:12     | Killed an unseen horror
  9610 | D:12     | Noticed a hill giant
  9618 | D:12     | Killed a hill giant
  9618 | D:12     | Reached skill level 11 in Unarmed Combat
  9642 | D:12     | Noticed Erica
  9647 | D:12     | Killed Erica
  9814 | D:12     | Slain by a red ugly thing

Action                   |  1- 3 |  4- 6 |  7- 9 | 10-12 || total
-------------------------+-------+-------+-------+-------++-------
Melee: Unarmed           |    74 |   192 |   376 |   349 ||   991
Throw: Tomahawk          |       |       |     2 |     2 ||     4
Invok: Trog's Hand       |       |     4 |     8 |     4 ||    16
       Berserk           |       |     1 |       |       ||     1
       Burn Spellbooks   |       |       |     1 |     2 ||     3
Evoke: Wand              |       |       |       |     2 ||     2
  Use: Scroll            |       |       |    15 |     4 ||    19
 Stab: Sleeping          |     3 |     3 |     8 |     2 ||    16
  Eat: Chunk             |     1 |     9 |     8 |     2 ||    20
       Fruit             |       |       |     4 |       ||     4
       Beef jerky        |       |       |     1 |     5 ||     6
       Royal jelly       |       |       |       |     1 ||     1
